 Dungeon Crawl Stone Soup version 0.19.1-1-g22dce08 (webtiles) character file.

255 ponk the Covert (level 5, -5/26 HPs)
             Began as a Spriggan Assassin on Jan 10, 2017.
             Killed by nerve-wracking pain
             ... invoked by Grinder
              (9 damage)
             ... while paralysed by Grinder
             ... on level 4 of the Dungeon.
             The game lasted 00:24:03 (4895 turns).

ponk the Covert (Spriggan Assassin)                 Turns: 4895, Time: 00:24:03

Health: -5/26      AC:  4    Str:  7    XL:     5   Next: 91%
Magic:  6/6        EV:  4    Int: 12    God:
Gold:   114        SH:  0    Dex: 19    Spells: 0 memorised, 4 levels left

rFire  . . .     SeeInvis +     b - +0 blowgun
rCold  . . .     Gourm    .     j - +0 robe
rNeg   . . .     Faith    .     (shield restricted)
rPois  .         Spirit   .     (helmet restricted)
rElec  .         Reflect  .     d - +1 cloak
rCorr  .         Harm     .     (gloves unavailable)
MR     .....                    (boots unavailable)
Stlth  +++++.....               (no amulet)
                                (no ring)
                                (no ring)

@: paralysed, very quick
A: unfitting armour, see invisible, herbivore 3, speed 3, slow metabolism 2
a: no special abilities


You were on level 4 of the Dungeon.
You were full.

You visited 1 branch of the dungeon, and saw 4 of its levels.

You collected 114 gold pieces.

Inventory:

Hand Weapons
 a - a +2 dagger
 b - a +0 blowgun (weapon)
 w - a +0 dagger of venom
Missiles
 e - 6 poisoned needles (quivered)
 f - a curare-tipped needle
 y - 4 tomahawks
Armour
 d - a +1 cloak (worn)
 j - a +0 robe (worn)
 t - a +0 robe
Wands
 i - a wand of iceblast (3/15)
Scrolls
 v - 4 scrolls of identify {unknown}
 x - a scroll of teleportation
Potions
 c - 2 potions of curing
 h - a potion of degeneration {unknown}
 k - a potion of flight {unknown}
 l - a potion of heal wounds {unknown}
 m - a potion of ambrosia {unknown}
 n - a potion of haste {unknown}
 o - 2 potions of mutation {unknown}
 p - a potion of cure mutation {unknown}
 q - a potion of might {unknown}
 r - a potion of lignification {unknown}
Comestibles
 g - a bread ration
 s - 2 royal jellies
 u - 5 fruits


   Skills:
 - Level 1.7 Fighting
 - Level 2.6 Short Blades
 - Level 3.0 Throwing
 - Level 2.4 Dodging
 + Level 9.7 Stealth


You had 4 spell levels left.
You didn't know any spells.

Dungeon Overview and Level Annotations

Branches:
Dungeon (4/15)
 Temple: D:4-7

Altars:
Ashenzari
Qazlal

Annotations:
D:4 Grinder


Innate Abilities, Weirdness & Mutations

You are very small and have problems with some larger weapons.
You are too small for most types of armour.
You have supernaturally acute eyesight. (SInv)
You are a herbivore.
You cover ground extremely quickly.
You need consume almost no food.


Message History

There are no items here.
e - 6 poisoned needles (gained 1)
There are no items here.
Firing (i - inventory. (,) - cycle):
e - 6 poisoned needles (quivered)
Press: ? - help, Shift-Dir - straight line, f/p - Grinder
Aim: Grinder (almost dead)
You shoot a poisoned needle.
The poisoned needle closely misses Grinder.
Grinder blinks!
e - 6 poisoned needles (gained 1)
There are no items here.
Grinder gestures at you.
You suddenly lose the ability to move!
Grinder blinks!
Grinder gestures at you. Pain shoots through your body!
* * * LOW HITPOINT WARNING * * *
Grinder gestures at you. Pain shoots through your body!
You die...

...%...###...# #.....# #....###
#...## #.###.# #.(..# #....#####
#.# .5#..# #..#.....###.## .###.#
##...###......### #### ## #.##
##.(# #...<.. ..# ####..# #(.#
#...# ##.##
..##..######.(######..(######....
..##............@...5.((.§.(.5###
......#######....###.?.########
..###..######...(# #####
..#........#####.# ###........#
#.## #........# #..# #........#
##.# #..>....######..#
#......##⌠_.'..##


You could see Grinder.

Vanquished Creatures
  Blork the orc (D:4)
  A centaur skeleton (D:4)
  Ijyb (D:3)
  Terence (D:3)
  3 adders
  3 worms
  2 dart slugs (D:1)
  2 leopard geckos
  6 orcs (D:3)
  3 bats
  4 giant cockroaches
  5 goblins
  6 hobgoblins
  5 jackals (D:3)
  2 quokkas
  3 frilled lizards
  6 kobolds
  5 rats
59 creatures vanquished.

Notes
Turn   | Place    | Note
-------+----------+-------------------------------------------
     0 | D:1      | ponk the Spriggan Assassin began the quest for the Orb.
     0 | D:1      | Reached XP level 1. HP: 10/10 MP: 2/2
    27 | D:1      | Reached skill level 6 in Stealth
    99 | D:1      | Reached XP level 2. HP: 14/14 MP: 3/3
   817 | D:2      | Reached skill level 7 in Stealth
   817 | D:2      | Reached XP level 3. HP: 7/18 MP: 4/4
  1933 | D:3      | Noticed Ijyb
  2102 | D:3      | Reached XP level 4. HP: 22/23 MP: 5/5
  2189 | D:3      | Killed Ijyb
  2807 | D:3      | Noticed Terence
  2895 | D:3      | Killed Terence
  2895 | D:3      | Reached skill level 8 in Stealth
  2895 | D:3      | Reached XP level 5. HP: 26/26 MP: 6/6
  3950 | D:4      | Noticed Blork the orc
  4393 | D:4      | Killed Blork the orc
  4393 | D:4      | Reached skill level 9 in Stealth
  4710 | D:4      | Found a stormy altar of Qazlal.
  4710 | D:4      | Found a shattered altar of Ashenzari.
  4720 | D:4      | Noticed Grinder
  4843 | D:4      | Paralysed by Grinder for 4 turns
  4850 | D:4      | HP: 1/26 [Grinder (4)]
  4855 | D:4      | Paralysed by Grinder for 2 turns
  4892 | D:4      | Paralysed by Grinder for 5 turns
  4895 | D:4      | Killed from afar by Grinder

Skill      XL: |  1  2  3  4  5 |
---------------+----------------+-----
Stealth        | 6 7 8 9 |  9.7
Dodging        | 2 |  2.4
Throwing       | 3 |  3.0
Fighting       | |  1.7
Short Blades   | |  2.6

Action                   |  1- 3 |  4- 6 || total
-------------------------+-------+-------++-------
Melee: Dagger            |    76 |   105 ||   181
 Fire: Blowgun           |    30 |    39 ||    69
Throw: Tomahawk          |       |     8 ||     8
  Use: Scroll            |     3 |     1 ||     4
       Potion            |       |     1 ||     1
 Stab: Sleeping          |     9 |     1 ||    10
       Distracted        |     1 |     1 ||     2
  Eat: Bread ration      |       |     1 ||     1
Armor: Robe              |     7 |     8 ||    15
Dodge: Dodged            |    52 |    79 ||   131
